 Dungeon Crawl Stone Soup version 0.28-a0-87-g9a7839dea9 (webtiles) character file.

Game seed: 8030818847933356580

217 isleofyew the Conjurer (level 5, -2/23 (24) HPs)
             Began as a Vine Stalker Conjurer on Aug 7, 2021.
             Was an Initiate of Vehumet.
             Slain by a necrophage (6 damage)
             ... on level 4 of the Dungeon.
             The game lasted 00:45:27 (3599 turns).

isleofyew the Conjurer (Vine Stalker Conjurer)      Turns: 3599, Time: 00:45:27

HP:   -2/23 (24)    AC:  2    Str: 10    XL:     5   Next: 94%
MP:   0/13          EV: 12    Int: 25    God:    Vehumet [......]
Gold: 158           SH:  0    Dex: 12    Spells: 3/13 levels left

rFire   . . .      SeeInvis .   p - +0 dagger (drain)
rCold   . . .      Faith    .   (no shield)
rNeg    . . .      Spirit   +   a - +0 robe
rPois   .          Reflect  .   (no helmet)
rElec   .          Harm     .   (no cloak)
rCorr   .          Rampage  .   (no gloves)
Will    .....                   (no boots)
Stlth   +.........              (no amulet)
HPRegen 1.07/turn               h - +6 ring of intelligence
MPRegen 0.13/turn               (no ring)

@: silenced, lightly drained
A: fangs 2, regeneration 1, magic shield, antimagic bite, no potion heal 2
a: Renounce Religion


You were on level 4 of the Dungeon.
You worshipped Vehumet.
Vehumet was noncommittal.
You visited 1 branch of the dungeon, and saw 5 of its levels.

You collected 158 gold pieces.

Inventory:

Hand Weapons
 b - a +0 short sword
 p - a +0 dagger of draining (weapon)
Armour
 a - a +0 robe (worn)
 i - +0 pearl dragon scales
Magical Staves
 n - a staff of air
Jewellery
 h - a +6 ring of intelligence (left hand)
 k - a ring of fire
Scrolls
 d - 2 scrolls of identify {unknown}
 f - a scroll of enchant weapon {unknown}
 g - a scroll of teleportation {unknown}
 o - a scroll of fear {unknown}
Potions
 c - 2 potions of flight {unknown}
 e - a potion of attraction {unknown}
 l - a potion of curing {unknown}
 m - a potion of lignification {unknown}


   Skills:
 - Level 1.5 Dodging
 - Level 2.4 Stealth
 * Level 4.9 Spellcasting
 + Level 5.1 Conjurations
 + Level 1.0 Translocations


You had 3 spell levels left.
You knew the following spells:

 Your Spells              Type           Power      Damage    Failure   Level
a - Magic Dart            Conj           100%       1d8       1%          1
b - Searing Ray           Conj           62%        3d5       1%          2
c - Dazzling Flash        Conj/Hex       36%        N/A       9%          3
d - Iskenderun's Mystic   Conj/Tloc      21%        2d6       22%         4

Your spell library contained the following spells:

 Spells                   Type           Power      Damage    Failure   Level
 Apportation              Tloc           22%        N/A       5%          1
 Animate Skeleton         Necr           12%        N/A       9%          1
 Corona                   Hex            6%         N/A       9%          1
 Freeze                   Ice            24%        1d5       9%          1
 Summon Small Mammal      Summ           24%        N/A       9%          1
 Frozen Ramparts          Ice            12%        1d3       26%         3
 Fulminant Prism          Conj/Hex       9%         3d7       28%         4
 Hailstorm                Conj/Ice       18%        3d6       28%         4


Dungeon Overview and Level Annotations

Branches:
Dungeon (5/15)
 Temple: D:4-7

Altars:
Ashenzari
Vehumet
Beogh

Shops:
D:1 [


Innate Abilities, Weirdness & Mutations

You have extremely sharp teeth.
Your natural rate of healing is unusually fast.
When hurt, damage is shared between your health and your magic reserves.
Your bite disrupts and absorbs the magic of your enemies.
Potions cannot restore your health.


Message History

Uppercase [Y]es or [N]o only, please.
The spell is quite dangerous to cast (9% risk of failure)!
Continue anyway?
The ogre is dazzled.
The ogre closely misses you.
An ogre is nearby!
Casting: Dazzling Flash (quite dangerous; 9% risk of failure)
Confirm with . or Enter, or press ? or * to list all spells.
The spell is quite dangerous to cast (9% risk of failure)!
Continue anyway?
The ogre is dazzled.
You open the door.
The ogre is no longer blind.
The ogre hits you with a +0 giant club!!
Ouch! That really hurt!
* * * LOW HITPOINT WARNING * * *
Found 5 gold pieces.
There is an open door here.
You open the door.
A hound zombie comes into view.
The ogre barely misses you.
The hound zombie bites you but does no damage.
Casting: Dazzling Flash (quite dangerous; 9% risk of failure)
Confirm with . or Enter, or press ? or * to list all spells.
The spell is quite dangerous to cast (9% risk of failure)!
Continue anyway?
The ogre is dazzled.
Casting: Dazzling Flash (quite dangerous; 9% risk of failure)
Confirm with . or Enter, or press ? or * to list all spells.
You don't have enough magic to cast this spell.
As you read the scroll labelled QEECRA VAPP, it crumbles to dust.
A profound silence engulfs you.
It was a scroll of silence.
You see here 5 gold pieces.
You open the door.
A necrophage comes into view.
The ogre hits you with a +0 giant club!
The ogre is no longer blind.
The necrophage hits you.
* * * LOW HITPOINT WARNING * * *
You feel drained.
You open the door.
A mummy comes into view.
The ogre hits you with a +0 giant club.
* * * LOW HITPOINT WARNING * * *
The necrophage hits you.
You die...

############.#8#.#
.............###'#
.............###.#
#.############.'.+
...O.....# #####.#
#.#####..# #.# +.+ #.#
#..# #.# #Z### #.#
#..###.# +On.# #.#
#..##..# #@###
....###..##..#M'.+
.........##..###.# .
.............# +.+ ..
.............# #.# ...
.........##..# +.+ ...g
#.#.###..##..#######....
#.#.###..##.........##.#.
................O.......


You could see an ogre, a necrophage, a mummy and a hound zombie.

Vanquished Creatures
  A centaur skeleton (D:2)
  2 orc wizards (D:3)
  Terence (D:2)
  A hound skeleton (D:3)
  2 adders
  A white imp (D:3)
  2 dart slugs
  5 orcs
  8 endoplasms
  4 giant cockroaches
  5 hobgoblins
  4 jackals
  3 quokkas
  4 ball pythons
  8 bats
  6 frilled lizards
  5 goblins
  2 kobolds
  7 rats
71 creatures vanquished.

Notes
Turn   | Place    | Note
-------+----------+-------------------------------------------
     0 | D:1      | isleofyew the Vine Stalker Conjurer began the quest for the
                  | Orb.
     0 | D:1      | Reached XP level 1. HP: 9/9 MP: 4/4
   446 | D:1      | Found a faded altar of an unknown god.
   525 | D:1      | Reached XP level 2. HP: 13/13 MP: 1/6
   706 | D:1      | Found Mimobid's Antique Armour Boutique.
   994 | D:1      | Reached XP level 3. HP: 16/16 MP: 4/8
   997 | D:1      | Learned a level 2 spell: Searing Ray
  1001 | D:1      | Learned a level 3 spell: Dazzling Flash
  1353 | D:2      | Found a broken altar of Ashenzari.
  1912 | D:2      | Gained mutation: Your natural rate of healing is unusually
                  | fast. [Vine Stalker growth]
  1912 | D:2      | Reached XP level 4. HP: 11/21 MP: 0/10
  2168 | D:2      | Noticed Terence
  2176 | D:2      | Killed Terence
  2422 | D:3      | Reached XP level 5. HP: 21/24 MP: 2/12
  2517 | D:3      | Learned a level 4 spell: Iskenderun's Mystic Blast
  2524 | D:3      | Found a radiant altar of Vehumet.
  2537 | D:3      | Became a worshipper of Vehumet
  2757 | D:3      | You fall into a shaft and drop 2 floors!
  2757 | D:5      | Entered Level 5 of the Dungeon
  3242 | D:3      | Reached skill level 5 in Conjurations
  3340 | D:3      | Reached skill level 1 in Translocations
  3541 | D:4      | Noticed an ogre
  3597 | D:4      | Noticed a necrophage
  3599 | D:4      | Slain by a necrophage

Illustrated notes

Levels and vault maps discovered:
D:1:      nagdon_arrival_zigzag_paths, layout_basic,
          hellmonk_ecumenical_altar_defaced_shrine, serial_shops,
          nicolae_shop_stone, serial_glass, glass_columns_a, glass_columns_a
D:2:      layout_basic, basic_altar, uniq_terence
D:3:      layout_basic, mainiacjoe_overflow_boulevard
D:4:      layout_basic, lemuel_mausoleum_altar_kikubaaqudgha, st_stairs_13
D:5:      layout_basic, jmf_multi_god_temple, nicolae_ru_the_path_less_chosen

Skill      XL: |  1  2  3  4  5 |
---------------+----------------+-----
Spellcasting   | 3 4 |  4.9
Conjurations   | 5 |  5.1
Translocations | 1 |  1.0
Dodging        | |  1.5
Stealth        | |  2.4

Action                   |  1- 3 |  4- 6 || total
-------------------------+-------+-------++-------
Melee: Unarmed           |    25 |       ||    25
       Bite              |     8 |     1 ||     9
       Short sword       |     1 |     5 ||     6
       Dagger            |       |     2 ||     2
 Cast: Magic Dart        |    87 |    64 ||   151
       Searing Ray       |     1 |     5 ||     6
       Dazzling Flash    |       |     3 ||     3
  Use: Scroll            |       |     1 ||     1
Armor: Robe              |    13 |     3 ||    16
Dodge: Dodged            |    31 |    17 ||    48

Table legend: (Time is in decaauts)
 A = Elapsed time spent in this place.
 B = Non-inter-level travel time spent in this place.
 C = Inter-level travel time spent in this place.
 D = Time resting spent in this place.
 E = Time spent auto-exploring this place.
 F = Levels seen in this place.
 G = Mean time per level.
                   A        B        C        D        E       F      G
               +--------+--------+--------+--------+--------+-----+--------+
         Total |   3599 |   2715 |    884 |    898 |   1229 |   5 |  719.8 |
       Dungeon |   3599 |   2715 |    884 |    898 |   1229 |   5 |  719.8 |
               +--------+--------+--------+--------+--------+-----+--------+

Top non-repeatable levels by time:
     D:1: 1349 daAuts
     D:3: 1109 daAuts
     D:2: 941 daAuts
     D:5: 106 daAuts
     D:4: 91 daAuts
